 Dungeon Crawl Stone Soup version 0.23.2-1-ga50397a6bc (webtiles) character file.

Game seed: 4981491817250241359

7639 Hanswurst the Cleaver (level 11, -14/95 HPs)
             Began as a Hill Orc Warper on May 19, 2019.
             Demolished by Urug
             ... wielding a +3 broad axe of flaming
              (25 damage)
             ... while paralysed by Urug
             ... on level 10 of the Dungeon.
             The game lasted 02:13:44 (14041 turns).

Hanswurst the Cleaver (Hill Orc Warper)            Turns: 14041, Time: 02:13:45

Health: -14/95     AC: 15    Str: 18    XL:     11   Next: 18%
Magic:  13/13      EV:  2    Int: 13    God:
Gold:   465        SH:  0    Dex: 14    Spells: 13/13 levels left

rFire    + . .     SeeInvis .   p - +0 hand axe (distort)
rCold    . . .     Gourm    .   H - +0 buckler
rNeg     . . .     Faith    .   u - +2 chain mail {rF+}
rPois    +         Spirit   .   n - +0 helmet
rElec    .         Reflect  .   K - +0 cloak
rCorr    .         Harm     .   (no gloves)
MR       .....                  (no boots)
Stlth    ..........             (no amulet)
HPRegen  0.25/turn              l - ring of poison resistance
MPRegen  0.13/turn              B - +4 ring of dexterity

@: paralysed
A: no striking features
a: no special abilities


You were on level 10 of the Dungeon.
You were near starving.

You visited 1 branch of the dungeon, and saw 11 of its levels.
You also visited: Ossuary.

You collected 650 gold pieces.
You spent 185 gold pieces at shops.

Inventory:

Hand Weapons
 a - a +2 war axe of flaming
 b - the +10 flail "Winat" {protect, rF+ Dex+2}
   (You took it off an orc on level 9 of the Dungeon)

   It protects the one who uses it against injury (+AC on strike).
   It affects your dexterity (+2).
   It protects you from fire.
 c - the +6 mace of Drought {drain, +Blink}
   (You found it on level 6 of the Dungeon)

   A truly terrible weapon, it drains the life of those it strikes.
   It lets you blink.
 o - a +5 antimagic mace
 p - a +0 hand axe of distortion (weapon)
 C - a +3 battleaxe
 G - a +3 scimitar of flaming
 J - a +4 dire flail of holy wrath
 S - the cursed +3 battleaxe of Tension {freeze, *Rage MR+++ Int+4 Dex-3, unknown}
   (You found it on level 9 of the Dungeon)

   It has been specially enchanted to freeze those struck by it, causing extra
   injury to most foes and up to half again as much damage against particularly
   susceptible opponents.
   It can also slow down cold-blooded creatures.
   It affects your intelligence (+4).
   It affects your dexterity (-3).
   It affects your resistance to hostile enchantments.
   It may make you go berserk in combat.
   It has a curse placed upon it.
Missiles
 e - 4 tomahawks of dispersal
 r - a throwing net
 N - 10 javelins (quivered)
 T - 4 poisoned tomahawks
Armour
 i - a +0 scale mail
 n - a +0 helmet (worn)
 u - a +2 chain mail of fire resistance (worn)
 w - a +0 leather armour of fire resistance
 H - a +0 buckler (worn)
 K - a +0 cloak (worn)
Jewellery
 l - a ring of poison resistance (left hand)
 B - a +4 ring of dexterity (right hand)
Wands
 D - a wand of iceblast (19)
 E - a wand of digging (8)
 V - a wand of disintegration (15)
 Z - a wand of polymorph (1)
Scrolls
 d - a scroll of blinking
 j - 3 scrolls of amnesia
 k - 2 scrolls of enchant weapon
 m - 4 scrolls of remove curse
 t - 3 scrolls of noise
 v - 3 scrolls of identify
 x - 5 scrolls of teleportation
 y - a scroll of vulnerability {unknown}
 z - 2 scrolls of immolation
 A - 3 scrolls of fear
 X - 2 scrolls of magic mapping
 Y - a scroll of holy word {unknown}
Potions
 g - a potion of magic {unknown}
 h - 2 potions of haste {unknown}
 q - 2 potions of brilliance {unknown}
 s - 4 potions of curing
 F - a potion of mutation {unknown}
 I - 2 potions of flight {unknown}
 L - 2 potions of might {unknown}
 M - a potion of invisibility {unknown}
 O - a potion of agility {unknown}
 P - a potion of cancellation {unknown}
 Q - a potion of lignification {unknown}
 R - 2 potions of heal wounds
 U - 3 potions of ambrosia {unknown}
 W - a potion of berserk rage
Comestibles
 f - 16 rations


   Skills:
 + Level 8.3 Fighting
 + Level 13.2(13.7) Axes
 + Level 5.2(9.1) Maces & Flails
 + Level 2.2 Throwing
 + Level 8.7 Armour
 + Level 4.0 Dodging
 + Level 2.0 Stealth
 + Level 3.8 Shields
 + Level 1.7 Spellcasting
   Level 2.4 Translocations
 + Level 0.3 Evocations


You had 13 spell levels left.
You didn't know any spells.
Your spell library contained the following spells:

 Spells                   Type           Power        Failure   Level  Hunger
 Blink                    Tloc           N/A          80%         2    ###....
 Shroud of Golubria       Chrm/Tloc      #.........   93%         2    ###....
 Gell's Gravitas          Tloc           #.........   95%         3    ####...
 Lesser Beckoning         Tloc           #.........   95%         3    ####...
 Teleport Other           Tloc           #.......     95%         3    ####...
 Passage of Golubria      Tloc           N/A          100%        4    #####..


Dungeon Overview and Level Annotations

Branches:
Dungeon (11/15)            Temple (0/1) D:4
   Lair: D:8-11         Orc: D:9-12

Altars:
Ashenzari
Cheibriados
Elyvilon
Hepliaklqana
Makhleb
Nemelex Xobeh
Okawaru
Ru
Sif Muna
Trog
Uskayaw
Vehumet
Xom
The Shining One

Shops:
D:4 %   D:5 }   D:7 *[[!%

Annotations:
D:7 Cyan Ugly Thing!
D:10 Urug


Message History

Urug burns you. Urug hits you but does no damage.
You closely miss Urug. You slash Urug!
Urug is lightly wounded.
Urug blinks!
Urug zaps a wand.
You suddenly lose the ability to move!
Urug hits you with a +3 broad axe of flaming!!
Urug burns you.
Urug hits you with a +3 broad axe of flaming!!
Urug burns you.
Urug hits you with a +3 broad axe of flaming!
* * * LOW HITPOINT WARNING * * *
Urug burns you.
* * * LOW HITPOINT WARNING * * *
Urug hits you with a +3 broad axe of flaming!
* * * LOW HITPOINT WARNING * * *
Urug burns you.
* * * LOW HITPOINT WARNING * * *
Urug hits you with a +3 broad axe of flaming!!
You die...

##################
.................# #########
#####...########.#######.......##
.....>..# #.........<..##...
#####<..# #.#######.##...... #
##.#########.......(<########
######....>.....o..(#############
..........######@##..............
#########.# #..........#########
# #.# #.#.##.##### ##### #.#
#.#.##.# ....# #.####.#.##.#
.##.# #......#.##.# .##.#
########.##.# .##.# #.##.### #
.##.# #......# #########


You could see Urug.

Vanquished Creatures
  A centaur warrior (D:9)
  Pikel (D:4)
  A troll (D:10)
  Grinder (D:4)
  A hippogriff (D:10)
  A spriggan (D:9)
  Eustachio (D:5)
  A steam dragon (D:9)
  2 hungry ghosts
  Edmund (D:4)
  4 ice beasts
  A slave (D:3)
  4 black bears
  2 necrophages
  4 ogres
  5 centaurs
  Blork the orc (D:4)
  5 bullfrogs
  A gnoll sergeant (D:10)
  An elf zombie (Ossuary)
  A wyvern zombie (D:6)
  A wyvern skeleton (D:9)
  6 scorpions
  4 killer bees (D:10)
  A water moccasin skeleton (D:5)
  8 wights
  6 howler monkeys
  A jelly (D:9)
  A crimson imp (D:6)
  2 bullfrog zombies
  2 human zombies (Ossuary)
  4 centaur zombies
  7 hounds
  2 orc priests
  4 orc wizards
  A bullfrog skeleton (D:6)
  Ijyb (D:5)
  Natasha (thrice) (D:3)
  5 iguanas
  6 worker ants
  A big kobold zombie (Ossuary)
  3 hound zombies (Ossuary)
  2 hound skeletons
  4 mummies
  2 gnolls (D:10)
  7 adders
  2 shadow imps
  3 adder zombies (Ossuary)
  An ooze (D:7)
  2 adder skeletons
  A worm (D:4)
  A dart slug (D:3)
  6 leopard geckos
  30 orcs
  5 bats
  6 giant cockroaches
  4 goblins
  4 hobgoblins
  4 jackals
  5 kobolds
  2 quokkas
  3 ball pythons
  3 frilled lizards
  A gnoll zombie (Ossuary)
  4 goblin zombies (Ossuary)
  A hobgoblin zombie (Ossuary)
  2 jackal skeletons (D:4)
  3 jackal zombies (Ossuary)
  4 kobold zombies (Ossuary)
  4 orc zombies (Ossuary)
  3 quokka zombies (Ossuary)
  5 rats
  2 rat zombies (Ossuary)
235 creatures vanquished.

Vanquished Creatures (others)
  Erica (D:10)
  A troll (D:10)
  A slave (D:4)
  A gnoll (D:10)
4 creatures vanquished.

Grand Total: 239 creatures vanquished

Notes
Turn   | Place    | Note
-------+----------+-------------------------------------------
     0 | D:1      | Hanswurst the Hill Orc Warper began the quest for the Orb.
     0 | D:1      | Reached XP level 1. HP: 18/18 MP: 3/3
    87 | D:1      | Reached skill level 1 in Throwing
   266 | D:1      | Reached XP level 2. HP: 21/25 MP: 4/4
   335 | D:1      | Reached skill level 3 in Axes
  1334 | D:2      | Reached XP level 3. HP: 24/30 MP: 5/5
  1669 | D:2      | Found a sparkling altar of Nemelex Xobeh.
  1669 | D:2      | Found a transporter.
  2241 | D:3      | Noticed Natasha
  2638 | D:3      | Reached XP level 4. HP: 33/38 MP: 6/6
  2736 | D:3      | Reached skill level 4 in Axes
  2805 | D:4      | Noticed Grinder
  2820 | D:4      | Paralysed by Grinder for 7 turns
  2849 | D:5      | Entered Level 5 of the Dungeon
  2856 | D:5      | Noticed Ijyb
  2903 | D:5      | Found Viuskas's Gadget Shoppe.
  2926 | D:5      | Reached XP level 5. HP: 21/45 MP: 7/7
  3064 | D:4      | Noticed a slave
  3065 | D:4      | Noticed Pikel
  3065 | D:4      | Noticed a slave
  3130 | D:5      | Found a glowing golden altar of the Shining One.
  3278 | D:5      | Killed Ijyb
  3306 | D:5      | Reached skill level 5 in Axes
  3306 | D:5      | Reached XP level 6. HP: 45/53 MP: 8/8
  3429 | D:5      | Found a sand-covered staircase.
  3436 | Ossuary  | Entered an ossuary
  3512 | Ossuary  | Reached XP level 7. HP: 50/60 MP: 9/9
  3543 | Ossuary  | Reached skill level 6 in Axes
  3833 | D:5      | Reached skill level 5 in Fighting
  3833 | D:5      | Reached skill level 7 in Axes
  4180 | D:5      | You fall through a shaft for 2 floors!
  4274 | D:6      | Got a scorched mace
  4436 | D:5      | Found a deep blue altar of Sif Muna.
  4592 | D:3      | Killed Natasha
  4760 | D:3      | Noticed Natasha
  4768 | D:3      | Killed Natasha
  4869 | D:3      | Noticed Natasha
  4877 | D:3      | Killed Natasha
  4943 | D:4      | Found a sacrificial altar of Ru.
  5014 | D:4      | Reached XP level 8. HP: 63/68 MP: 10/10
  5023 | D:4      | Found a bloodstained altar of Trog.
  5040 | D:4      | Noticed Edmund
  5050 | D:4      | Killed Edmund
  5050 | D:4      | Reached skill level 8 in Axes
  5150 | D:4      | Noticed Blork the orc
  5381 | D:5      | Noticed Eustachio
  5394 | D:5      | Killed Eustachio
  5394 | D:5      | Reached skill level 1 in Stealth
  5680 | D:6      | Reached skill level 9 in Axes
  5693 | D:6      | Found a white marble altar of Elyvilon.
  5703 | D:6      | Found an iron altar of Okawaru.
  5921 | D:6      | Reached skill level 5 in Armour
  6482 | D:7      | Found Misk's General Store.
  6491 | D:7      | Bought a scroll of identify for 28 gold pieces
  6491 | D:7      | Bought a scroll of immolation for 49 gold pieces
  6491 | D:7      | Bought a scroll of identify for 28 gold pieces
  6526 | D:7      | Found a shattered altar of Ashenzari.
  6544 | D:7      | Reached XP level 9. HP: 75/75 MP: 11/11
  6748 | D:4      | Found a staircase to the Ecumenical Temple.
  6813 | D:4      | Found a shimmering altar of Xom.
  7062 | D:4      | Found Pooheir's Food Shop.
  7242 | D:7      | Found Sopumi's Antique Armour Shop.
  7279 | D:7      | Found Diwuxt's Armour Emporium.
  7279 | D:7      | Found Qeitymis's Food Shoppe.
  7338 | D:7      | Reached skill level 10 in Axes
  7404 | D:7      | Reached skill level 1 in Shields
  7717 | D:7      | Found Qatip's Distillery.
  7727 | D:7      | Bought a potion of degeneration for 10 gold pieces
  7923 | D:7      | Identified the +6 mace of Drought {drain, +Blink} (You
                  | found it on level 6 of the Dungeon)
  8080 | D:8      | Found a radiant altar of Vehumet.
  8216 | D:8      | Reached skill level 11 in Axes
  8371 | D:8      | Noticed a cyan ugly thing
  8568 | D:7      | Bought a potion of berserk rage for 70 gold pieces
  8734 | D:8      | Found a burning altar of Makhleb.
  9128 | D:9      | Reached skill level 12 in Axes
  9128 | D:9      | Reached XP level 10. HP: 76/84 MP: 12/12
  9237 | D:9      | Found a hide-covered altar of Uskayaw.
  9447 | D:9      | Found a hazy altar of Hepliaklqana.
  9530 | D:9      | Identified the +10 flail "Winat" {protect, rF+ Dex+2}
 10039 | D:9      | Noticed a cyclops
 10367 | D:9      | Reached skill level 1 in Maces & Flails
 10557 | D:9      | Noticed a centaur warrior
 10908 | D:9      | Found a snail-covered altar of Cheibriados.
 11142 | D:4      | Killed Pikel
 11333 | D:4      | Killed Grinder
 11400 | D:4      | Killed Blork the orc
 11615 | D:9      | Killed a centaur warrior
 11615 | D:9      | Reached skill level 13 in Axes
 11836 | D:9      | Got a brightly glowing battleaxe
 12390 | D:10     | Entered Level 10 of the Dungeon
 12551 | D:10     | Reached XP level 11. HP: 66/94 MP: 13/13
 13130 | D:10     | Reached skill level 5 in Maces & Flails
 13323 | D:10     | Noticed Erica
 13379 | D:10     | Noticed Urug
 13379 | D:10     | Paralysed by Urug for 3 turns
 13400 | D:10     | Killed Erica
 13703 | D:11     | Noticed a two-headed ogre
 14035 | D:10     | Paralysed by Urug for 6 turns
 14041 | D:10     | Demolished by Urug

Skill      XL: |  1  2  3  4  5  6  7  8  9 10 11 |
---------------+----------------------------------+-----
Throwing       | 1 2 |  2.2
Axes           | 3 4 5 7 9 12 13 | 13.2
Fighting       | 3 4 5 6 8 |  8.3
Dodging        | 2 3 4 |  4.0
Armour         | 2 3 4 5 6 8 |  8.7
Stealth        | 1 2 |  2.0
Shields        | 2 3 |  3.8
Maces & Flails | 4 5 |  5.2
Spellcasting   | |  1.7
Translocations | |  2.4
Evocations     | |  0.3

Action                   |  1- 3 |  4- 6 |  7- 9 | 10-12 || total
-------------------------+-------+-------+-------+-------++-------
Melee: Hand axe          |    81 |       |       |   143 ||   224
       War axe           |    30 |   115 |   413 |    40 ||   598
       Flail             |       |       |       |    89 ||    89
       Mace              |       |       |       |     5 ||     5
Throw: Tomahawk          |       |     1 |       |       ||     1
       Javelin           |       |       |    14 |     7 ||    21
Evoke: Wand              |       |       |       |     2 ||     2
  Use: Scroll            |       |     3 |     3 |     6 ||    12
       Potion            |       |     3 |     1 |       ||     4
  Eat: Chunk             |     5 |     3 |    18 |     9 ||    35
       Ration            |       |       |     1 |     2 ||     3
Armor: Leather armour    |    25 |       |       |       ||    25
       Ring mail         |    13 |    24 |       |       ||    37
       Scale mail        |       |    40 |   105 |       ||   145
       Chain mail        |       |       |    49 |   154 ||   203
Dodge: Dodged            |    84 |    75 |   181 |   106 ||   446
Block: Buckler           |       |       |    43 |    47 ||    90
